[ PARTIDA AOE2 · #463742191 ]
Team RMMongoles vs Portuguese
[ ANÁLISIS DE REPETICIÓN · EXTRAÍDO DE LA PARTIDA GRABADA ]
Feudal
12:17
Castillos
21:27
Imperial
49:26
| APM promedio | 19.7 |
| APM pico | 48 |
| eAPM promedio | 12.8 |
| Aldeanos / militares | 80 / 60 |
Foco
⚔️ 26.8% · 🌾 73.2%
Cavalry Archer ×15 · Steppe Lancer ×14 · Camel Scout ×12 · Scout Cavalry ×10 · Mangudai ×7 · Monk ×2
Feudal
14:07
Castillos
18:27
Imperial
44:30
| APM promedio | 36.0 |
| APM pico | 60 |
| eAPM promedio | 14.6 |
| Aldeanos / militares | 90 / 141 |
Foco
⚔️ 31.0% · 🌾 69.0%
Knight ×68 · Skirmisher ×51 · Monk ×6 · Demolition Raft ×5 · Fishing Ship ×5 · Trebuchet (Packed) ×4
Feudal
13:07
Castillos
19:06
Imperial
46:54
| APM promedio | 21.7 |
| APM pico | 46 |
| eAPM promedio | 12.6 |
| Aldeanos / militares | 119 / 77 |
Foco
⚔️ 20.0% · 🌾 80.0%
Cavalry Archer ×23 · Knight ×20 · Spearman ×19 · Tarkan ×10 · Monk ×4 · Scout Cavalry ×1
Feudal
15:31
Castillos
20:13
Imperial
51:25
| APM promedio | 45.8 |
| APM pico | 112 |
| eAPM promedio | 21.5 |
| Aldeanos / militares | 145 / 101 |
Foco
⚔️ 28.7% · 🌾 71.3%
Spearman ×60 · Organ Gun ×18 · Knight ×9 · Mangonel ×8 · Fishing Ship ×7 · Battering Ram ×4
Mapa de la partida
Recursos al inicio + cada clic de construcción. Línea gruesa = muro · recuadro discontinuo = muro de casas detectado. 🟡 oro · ⚪ piedra · 🟢 bayas · 🔶 jabalí · ⭕ reliquia
Inputs por minuto
— mattinstat - - Options1986
Build order — mattinstat
Primeras 150 de 215 acciones detectadas
| 0:45 | Construir | Town Center |
| 2:00 | Construir | House |
| 2:26 | Crear | Villager (Male) ×4 |
| 4:16 | Crear | Villager (Male) |
| 4:17 | Crear | Villager (Male) |
| 4:17 | Crear | Villager (Male) |
| 4:47 | Crear | Villager (Male) |
| 4:48 | Crear | Villager (Male) |
| 4:48 | Crear | Villager (Male) |
| 4:48 | Crear | Villager (Male) |
| 4:54 | Construir | House |
| 4:56 | Construir | House |
| 5:17 | Crear | Villager (Male) |
| 5:17 | Crear | Villager (Male) |
| 5:40 | Construir | Mill |
| 6:11 | Crear | Villager (Male) |
| 6:11 | Crear | Villager (Male) |
| 6:25 | Construir | House |
| 6:35 | Crear | Villager (Male) |
| 6:58 | Crear | Villager (Male) |
| 7:16 | Construir | Lumber Camp |
| 7:36 | Crear | Villager (Male) |
| 7:37 | Crear | Villager (Male) |
| 8:35 | Crear | Villager (Male) |
| 9:08 | Construir | Mill |
| 9:12 | Crear | Villager (Male) |
| 9:13 | Crear | Villager (Male) |
| 10:03 | Investigar | Feudal Age |
| 10:25 | Investigar | Loom |
| 10:50 | Construir | Barracks |
| 11:01 | Construir | House |
| 11:02 | Construir | House |
| 11:13 | Crear | Villager (Male) |
| 11:13 | Crear | Villager (Male) |
| 12:17 | Edad | Edad Feudal |
| 12:25 | Construir | Stable |
| 12:46 | Construir | Blacksmith |
| 12:53 | Crear | Villager (Male) |
| 13:32 | Crear | Scout Cavalry |
| 13:33 | Crear | Scout Cavalry |
| 13:35 | Investigar | Scale Barding Armor |
| 13:36 | Investigar | Forging |
| 13:42 | Investigar | Double-Bit Axe |
| 13:46 | Crear | Villager (Male) |
| 14:05 | Construir | Mill |
| 14:32 | Crear | Villager (Male) |
| 14:33 | Crear | Villager (Male) |
| 14:39 | Construir | Mining Camp |
| 14:56 | Crear | Scout Cavalry |
| 14:56 | Crear | Scout Cavalry |
| 15:12 | Crear | Scout Cavalry |
| 15:12 | Crear | Scout Cavalry |
| 16:24 | Crear | Villager (Male) |
| 16:25 | Crear | Villager (Male) |
| 16:30 | Construir | House |
| 16:36 | Investigar | Bloodlines |
| 17:24 | Crear | Villager (Male) |
| 17:24 | Crear | Villager (Male) |
| 17:33 | Crear | Scout Cavalry |
| 17:33 | Crear | Scout Cavalry |
| 17:39 | Investigar | Gold Mining |
| 18:47 | Investigar | Castle Age |
| 20:58 | Crear | Scout Cavalry |
| 20:59 | Crear | Scout Cavalry |
| 21:12 | Construir | House |
| 21:16 | Construir | House |
| 21:20 | Construir | Palisade Gate |
| 21:27 | Edad | Edad de los Castillos |
| 21:53 | Crear | Camel Scout |
| 21:53 | Crear | Camel Scout |
| 21:53 | Crear | Camel Scout |
| 21:59 | Investigar | Chain Barding Armor |
| 22:24 | Investigar | Wheelbarrow |
| 22:29 | Crear | Camel Scout |
| 22:29 | Crear | Camel Scout |
| 22:53 | Construir | Town Center |
| 22:59 | Construir | Mining Camp |
| 23:32 | Investigar | Iron Casting |
| 23:41 | Crear | Villager (Male) |
| 23:42 | Crear | Villager (Male) |
| 23:42 | Crear | Villager (Male) |
| 24:42 | Investigar | Fletching |
| 24:45 | Crear | Camel Scout |
| 24:45 | Crear | Camel Scout |
| 24:45 | Crear | Camel Scout |
| 25:10 | Investigar | Stone Mining |
| 25:51 | Crear | Camel Scout |
| 25:52 | Crear | Camel Scout |
| 26:00 | Crear | Villager (Male) |
| 26:00 | Crear | Villager (Male) |
| 26:12 | Crear | Villager (Male) |
| 26:12 | Crear | Villager (Male) |
| 27:01 | Construir | Lumber Camp |
| 27:04 | Crear | Villager (Male) ×5 |
| 27:57 | Investigar | Husbandry |
| 28:01 | Crear | Villager (Male) |
| 28:02 | Crear | Villager (Male) |
| 28:58 | Crear | Villager (Male) |
| 29:05 | Construir | House |
| 29:06 | Construir | House |
| 29:07 | Construir | House |
| 29:30 | Construir | Monastery |
| 30:49 | Crear | Monk |
| 31:13 | Construir | Town Center |
| 31:39 | Investigar | Town Watch |
| 31:43 | Investigar | Hand Cart |
| 31:46 | Investigar | Bow Saw |
| 32:22 | Construir | Archery Range |
| 32:31 | Crear | Camel Scout |
| 32:31 | Crear | Camel Scout |
| 33:04 | Crear | Villager (Male) |
| 33:05 | Crear | Villager (Male) |
| 34:46 | Crear | Cavalry Archer |
| 34:47 | Crear | Cavalry Archer |
| 34:47 | Crear | Cavalry Archer |
| 34:54 | Crear | Villager (Male) |
| 35:19 | Crear | Cavalry Archer |
| 35:19 | Crear | Cavalry Archer |
| 35:36 | Construir | Palisade Wall |
| 35:40 | Construir | Building 796 |
| 35:52 | Construir | Palisade Gate |
| 35:58 | Crear | Villager (Male) |
| 35:58 | Crear | Villager (Male) |
| 36:02 | Crear | Cavalry Archer |
| 36:06 | Investigar | Bodkin Arrow |
| 36:08 | Investigar | Padded Archer Armor |
| 36:47 | Construir | Castle |
| 37:00 | Crear | Villager (Male) |
| 37:00 | Crear | Villager (Male) |
| 37:04 | Crear | Villager (Male) |
| 37:04 | Crear | Villager (Male) |
| 37:45 | Crear | Monk |
| 38:21 | Crear | Villager (Male) |
| 38:37 | Crear | Cavalry Archer |
| 38:37 | Crear | Cavalry Archer |
| 38:43 | Construir | Farm |
| 38:45 | Construir | Farm |
| 38:50 | Crear | Cavalry Archer |
| 38:50 | Crear | Cavalry Archer |
| 39:07 | Crear | Villager (Male) |
| 39:08 | Crear | Villager (Male) |
| 39:41 | Construir | Market |
| 39:57 | Crear | Villager (Male) |
| 39:57 | Crear | Villager (Male) |
| 40:52 | Crear | Mangudai |
| 40:52 | Crear | Mangudai |
| 40:59 | Crear | Villager (Male) |
| 41:00 | Crear | Villager (Male) |
| 41:06 | Construir | Lumber Camp |
| 41:12 | Construir | Farm |
Build order — Options1986
Primeras 150 de 278 acciones detectadas
| 1:10 | Construir | Town Center |
| 2:46 | Crear | Villager (Male) |
| 2:46 | Crear | Villager (Male) |
| 2:46 | Crear | Villager (Male) |
| 2:47 | Crear | Villager (Male) |
| 2:47 | Crear | Villager (Male) |
| 3:59 | Crear | Villager (Male) |
| 4:00 | Crear | Villager (Male) |
| 4:52 | Crear | Villager (Male) |
| 5:02 | Crear | Villager (Male) |
| 5:03 | Crear | Villager (Male) |
| 5:36 | Crear | Villager (Male) |
| 6:06 | Crear | Villager (Male) |
| 6:17 | Construir | Lumber Camp |
| 6:26 | Crear | Villager (Male) |
| 6:56 | Crear | Villager (Male) |
| 6:56 | Crear | Villager (Male) |
| 7:27 | Crear | Villager (Male) |
| 7:27 | Crear | Villager (Male) |
| 7:37 | Construir | Mining Camp |
| 8:01 | Crear | Villager (Male) |
| 8:24 | Crear | Villager (Male) |
| 8:25 | Crear | Villager (Male) |
| 8:42 | Crear | Villager (Male) |
| 9:01 | Crear | Villager (Male) |
| 9:08 | Crear | Villager (Male) |
| 9:24 | Crear | Villager (Male) |
| 9:42 | Crear | Villager (Male) |
| 9:50 | Construir | Mill |
| 10:00 | Crear | Villager (Male) |
| 10:08 | Crear | Villager (Male) |
| 10:46 | Crear | Villager (Male) |
| 10:50 | Crear | Villager (Male) |
| 11:07 | Crear | Villager (Male) |
| 11:17 | Crear | Villager (Male) |
| 11:51 | Investigar | Feudal Age |
| 11:53 | Investigar | Loom |
| 11:54 | Crear | Villager (Male) |
| 12:07 | Construir | Barracks |
| 14:07 | Edad | Edad Feudal |
| 14:08 | Investigar | Double-Bit Axe |
| 14:13 | Construir | Market |
| 14:24 | Crear | Villager (Male) |
| 14:57 | Construir | Stable |
| 15:14 | Crear | Villager (Male) |
| 15:35 | Investigar | Castle Age |
| 16:01 | Crear | Villager (Male) |
| 16:10 | Crear | Scout Cavalry |
| 16:31 | Construir | Dock |
| 16:36 | Crear | Spearman |
| 16:36 | Crear | Spearman |
| 16:36 | Crear | Spearman |
| 17:22 | Construir | Farm |
| 17:23 | Construir | Farm |
| 17:23 | Construir | Farm |
| 17:25 | Construir | Farm |
| 17:42 | Crear | Demolition Raft |
| 17:42 | Crear | Demolition Raft |
| 18:12 | Construir | Farm |
| 18:27 | Edad | Edad de los Castillos |
| 18:32 | Construir | Town Center |
| 18:38 | Crear | Knight |
| 18:38 | Crear | Knight |
| 18:47 | Crear | Fishing Ship |
| 18:48 | Crear | Fishing Ship |
| 19:01 | Crear | Knight |
| 19:15 | Construir | Town Center |
| 19:40 | Crear | Villager (Male) |
| 19:46 | Crear | Knight |
| 20:40 | Crear | Knight |
| 20:46 | Crear | Villager (Male) |
| 20:49 | Crear | Villager (Male) |
| 21:00 | Crear | Demolition Raft |
| 21:00 | Crear | Demolition Raft |
| 21:45 | Investigar | Wheelbarrow |
| 21:46 | Crear | Villager (Male) |
| 21:46 | Crear | Villager (Male) |
| 22:21 | Construir | Archery Range |
| 22:21 | Construir | Archery Range |
| 22:22 | Construir | Archery Range |
| 22:22 | Construir | Archery Range |
| 22:43 | Crear | Villager (Male) |
| 22:43 | Crear | Villager (Male) |
| 22:53 | Construir | Stone Wall |
| 23:02 | Crear | Villager (Male) |
| 23:03 | Crear | Villager (Male) |
| 23:30 | Construir | Monastery |
| 23:33 | Investigar | Bloodlines |
| 23:37 | Crear | Skirmisher |
| 23:38 | Crear | Skirmisher |
| 23:38 | Crear | Skirmisher |
| 23:40 | Crear | Villager (Male) |
| 23:51 | Crear | Villager (Male) |
| 23:57 | Construir | Farm |
| 23:59 | Construir | Farm |
| 24:17 | Crear | Villager (Male) |
| 24:17 | Crear | Villager (Male) |
| 24:29 | Crear | Monk |
| 24:33 | Crear | Villager (Male) |
| 24:43 | Crear | Villager (Male) |
| 24:56 | Construir | Farm |
| 25:31 | Crear | Skirmisher ×5 |
| 25:36 | Construir | Farm |
| 25:40 | Construir | Farm |
| 25:40 | Construir | Farm |
| 25:41 | Construir | Farm |
| 25:44 | Investigar | Horse Collar |
| 25:52 | Crear | Skirmisher |
| 25:52 | Crear | Skirmisher |
| 26:03 | Construir | Farm |
| 26:29 | Crear | Villager (Male) |
| 26:30 | Crear | Villager (Male) |
| 26:31 | Crear | Villager (Male) |
| 27:31 | Crear | Monk |
| 27:34 | Investigar | Elite Skirmisher (upgrade) |
| 27:35 | Crear | Skirmisher |
| 27:35 | Crear | Skirmisher |
| 27:36 | Crear | Monk |
| 27:46 | Crear | Demolition Raft |
| 27:50 | Crear | Fishing Ship |
| 27:50 | Crear | Fishing Ship |
| 27:52 | Crear | Villager (Male) |
| 27:52 | Crear | Villager (Male) |
| 27:53 | Crear | Villager (Male) |
| 27:54 | Crear | Villager (Male) |
| 28:03 | Crear | Monk |
| 29:07 | Crear | Knight ×3 |
| 29:08 | Crear | Knight ×3 |
| 29:23 | Crear | Skirmisher |
| 29:24 | Crear | Skirmisher |
| 29:24 | Crear | Skirmisher |
| 29:51 | Crear | Skirmisher |
| 29:51 | Crear | Skirmisher |
| 29:59 | Construir | Castle |
| 30:10 | Crear | Skirmisher |
| 30:11 | Crear | Skirmisher |
| 30:18 | Construir | Blacksmith |
| 30:22 | Investigar | Hand Cart |
| 30:22 | Crear | Villager (Male) ×2 |
| 30:39 | Investigar | Tech 906 |
| 30:40 | Crear | Fishing Ship |
| 31:12 | Construir | Mining Camp |
| 31:18 | Construir | Archery Range |
| 31:19 | Construir | Archery Range |
| 31:33 | Crear | Skirmisher ×4 |
| 31:39 | Investigar | Fletching |
| 31:39 | Investigar | Padded Archer Armor |
| 31:56 | Crear | Knight |
| 31:59 | Crear | Skirmisher ×3 |
| 31:59 | Crear | Skirmisher ×3 |
Build order — roly_vic
Primeras 150 de 300 acciones detectadas
| 1:08 | Construir | Town Center |
| 3:14 | Crear | Villager (Male) |
| 3:14 | Crear | Villager (Male) |
| 3:15 | Crear | Villager (Male) |
| 3:15 | Crear | Villager (Male) |
| 4:11 | Crear | Villager (Male) |
| 4:55 | Crear | Villager (Male) |
| 4:55 | Crear | Villager (Male) |
| 5:13 | Crear | Villager (Male) |
| 5:51 | Crear | Villager (Male) |
| 6:05 | Crear | Villager (Male) |
| 6:15 | Construir | Lumber Camp |
| 6:32 | Investigar | Loom |
| 6:49 | Crear | Villager (Male) |
| 6:49 | Crear | Villager (Male) |
| 7:22 | Crear | Villager (Male) |
| 7:23 | Crear | Villager (Male) |
| 8:14 | Crear | Villager (Male) |
| 8:14 | Crear | Villager (Male) |
| 8:40 | Construir | Mill |
| 9:10 | Crear | Villager (Male) |
| 10:11 | Crear | Villager (Male) |
| 10:42 | Construir | Mining Camp |
| 10:57 | Investigar | Feudal Age |
| 12:59 | Construir | Barracks |
| 13:07 | Edad | Edad Feudal |
| 13:18 | Crear | Villager (Male) |
| 13:19 | Crear | Villager (Male) |
| 13:29 | Construir | Market |
| 13:31 | Crear | Villager (Male) |
| 13:57 | Crear | Villager (Male) |
| 14:20 | Construir | Blacksmith |
| 14:25 | Crear | Villager (Male) |
| 15:20 | Crear | Villager (Male) |
| 15:32 | Crear | Spearman |
| 16:26 | Investigar | Castle Age |
| 16:43 | Construir | Stable |
| 17:33 | Construir | Archery Range |
| 18:02 | Investigar | Double-Bit Axe |
| 18:27 | Investigar | Fletching |
| 18:34 | Crear | Scout Cavalry |
| 19:06 | Edad | Edad de los Castillos |
| 19:14 | Crear | Cavalry Archer |
| 19:14 | Crear | Cavalry Archer |
| 19:14 | Crear | Cavalry Archer |
| 19:15 | Crear | Cavalry Archer |
| 19:21 | Crear | Villager (Male) |
| 19:30 | Construir | Town Center |
| 19:41 | Crear | Cavalry Archer |
| 19:41 | Crear | Cavalry Archer |
| 20:49 | Crear | Villager (Male) |
| 20:49 | Crear | Villager (Male) |
| 21:14 | Crear | Cavalry Archer |
| 21:15 | Crear | Cavalry Archer |
| 21:29 | Crear | Spearman |
| 21:30 | Crear | Spearman |
| 21:30 | Crear | Spearman |
| 22:14 | Crear | Villager (Male) |
| 22:15 | Crear | Villager (Male) |
| 22:15 | Crear | Villager (Male) |
| 22:15 | Crear | Villager (Male) |
| 22:27 | Crear | Cavalry Archer |
| 22:27 | Crear | Cavalry Archer |
| 22:46 | Construir | Monastery |
| 22:47 | Crear | Villager (Male) |
| 22:57 | Crear | Villager (Male) |
| 23:09 | Crear | Cavalry Archer |
| 23:09 | Crear | Cavalry Archer |
| 23:29 | Crear | Spearman |
| 23:29 | Crear | Spearman |
| 24:37 | Crear | Knight |
| 24:43 | Crear | Villager (Male) |
| 24:49 | Construir | Farm |
| 24:51 | Construir | Farm |
| 25:06 | Crear | Cavalry Archer |
| 25:06 | Crear | Cavalry Archer |
| 25:07 | Crear | Cavalry Archer |
| 25:07 | Crear | Cavalry Archer |
| 25:07 | Crear | Cavalry Archer |
| 25:07 | Crear | Cavalry Archer |
| 25:19 | Crear | Spearman |
| 25:20 | Crear | Spearman |
| 25:20 | Crear | Spearman |
| 25:34 | Crear | Cavalry Archer |
| 25:38 | Crear | Villager (Male) |
| 25:38 | Crear | Villager (Male) |
| 26:03 | Construir | Town Center |
| 26:05 | Crear | Villager (Male) |
| 26:05 | Crear | Villager (Male) |
| 26:14 | Construir | Farm |
| 26:14 | Construir | Farm |
| 26:30 | Construir | Farm |
| 26:30 | Construir | Farm |
| 26:30 | Construir | Farm |
| 26:31 | Construir | Farm |
| 26:42 | Crear | Monk |
| 27:30 | Crear | Spearman |
| 27:30 | Crear | Spearman |
| 27:30 | Crear | Spearman |
| 27:36 | Crear | Monk |
| 27:40 | Crear | Villager (Male) |
| 27:41 | Crear | Villager (Male) |
| 27:43 | Construir | Farm |
| 27:44 | Crear | Villager (Male) |
| 27:45 | Crear | Villager (Male) |
| 28:02 | Construir | Farm |
| 28:02 | Construir | Farm |
| 28:02 | Construir | Farm |
| 28:03 | Construir | Farm |
| 28:05 | Crear | Villager (Male) |
| 29:12 | Crear | Knight |
| 29:12 | Crear | Knight |
| 29:13 | Crear | Knight |
| 29:21 | Crear | Villager (Male) |
| 29:22 | Crear | Villager (Male) |
| 29:32 | Construir | Farm |
| 29:34 | Construir | Farm |
| 29:44 | Crear | Cavalry Archer |
| 29:44 | Crear | Cavalry Archer |
| 29:48 | Investigar | Bodkin Arrow |
| 29:52 | Construir | Farm |
| 29:53 | Construir | Farm |
| 29:53 | Construir | Farm |
| 29:54 | Crear | Villager (Male) |
| 30:08 | Crear | Cavalry Archer |
| 30:08 | Crear | Cavalry Archer |
| 30:10 | Crear | Villager (Male) |
| 30:14 | Construir | Farm |
| 30:18 | Construir | Farm |
| 30:19 | Crear | Villager (Male) |
| 30:42 | Construir | Farm |
| 30:43 | Construir | Farm |
| 30:45 | Construir | Farm |
| 30:46 | Crear | Villager (Male) |
| 30:46 | Crear | Villager (Male) |
| 30:46 | Crear | Villager (Male) |
| 31:16 | Crear | Villager (Male) |
| 31:16 | Crear | Villager (Male) |
| 31:18 | Crear | Villager (Male) |
| 31:23 | Crear | Villager (Male) |
| 31:24 | Crear | Villager (Male) |
| 31:32 | Crear | Villager (Male) |
| 31:41 | Crear | Spearman |
| 31:44 | Crear | Knight |
| 31:49 | Construir | Farm |
| 31:53 | Crear | Villager (Male) |
| 31:56 | Construir | Lumber Camp |
| 32:05 | Investigar | Horse Collar |
| 32:15 | Crear | Knight |
| 32:16 | Crear | Knight |
Build order — ThekingJoeSnow
Primeras 150 de 302 acciones detectadas
| 1:45 | Construir | Town Center |
| 2:52 | Construir | Dock |
| 3:28 | Crear | Villager (Male) ×4 |
| 3:50 | Construir | House |
| 5:10 | Crear | Fishing Ship |
| 5:29 | Crear | Villager (Male) |
| 5:56 | Crear | Villager (Male) |
| 6:10 | Crear | Villager (Male) |
| 6:18 | Construir | House |
| 6:49 | Crear | Villager (Male) |
| 6:49 | Crear | Villager (Male) |
| 6:49 | Crear | Villager (Male) |
| 7:27 | Construir | House |
| 7:32 | Crear | Villager (Male) |
| 7:39 | Construir | House |
| 8:14 | Crear | Fishing Ship |
| 8:18 | Crear | Villager (Male) |
| 8:57 | Crear | Villager (Male) |
| 9:01 | Crear | Fishing Ship |
| 9:05 | Construir | House |
| 9:06 | Crear | Fishing Ship |
| 9:31 | Crear | Villager (Male) |
| 10:00 | Crear | Villager (Male) |
| 10:19 | Crear | Villager (Male) |
| 10:19 | Crear | Villager (Male) |
| 10:24 | Crear | Fishing Ship |
| 10:41 | Crear | Villager (Male) |
| 10:47 | Crear | Fishing Ship |
| 11:17 | Construir | Mill |
| 11:24 | Crear | Villager (Male) |
| 11:50 | Crear | Villager (Male) |
| 12:02 | Crear | Fishing Ship |
| 12:15 | Crear | Villager (Male) |
| 12:16 | Crear | Villager (Male) |
| 13:21 | Investigar | Feudal Age |
| 13:46 | Construir | Lumber Camp |
| 13:52 | Construir | House |
| 14:18 | Construir | Farm |
| 14:21 | Construir | Farm |
| 14:48 | Investigar | Loom |
| 15:31 | Edad | Edad Feudal |
| 15:40 | Construir | Blacksmith |
| 15:42 | Construir | Blacksmith |
| 15:50 | Crear | Villager (Male) |
| 16:01 | Investigar | Town Watch |
| 16:20 | Construir | Barracks |
| 16:26 | Construir | House |
| 16:56 | Construir | Market |
| 17:01 | Crear | Villager (Male) |
| 17:21 | Investigar | Double-Bit Axe |
| 17:30 | Crear | Villager (Male) |
| 17:33 | Investigar | Castle Age |
| 17:38 | Construir | Stone Wall |
| 17:41 | Construir | Stone Wall |
| 17:56 | Crear | Spearman |
| 18:02 | Construir | Stone Wall |
| 18:22 | Crear | Spearman |
| 18:34 | Construir | Stable |
| 19:00 | Crear | Spearman |
| 19:02 | Investigar | Forging |
| 19:21 | Construir | Stable |
| 19:50 | Investigar | Scale Mail Armor |
| 20:07 | Construir | Farm |
| 20:13 | Edad | Edad de los Castillos |
| 20:21 | Crear | Knight |
| 20:22 | Crear | Knight |
| 20:30 | Crear | Villager (Male) |
| 20:31 | Crear | Villager (Male) |
| 20:54 | Construir | Stone Wall |
| 20:55 | Construir | Building 673 |
| 21:05 | Construir | Stone Wall |
| 21:23 | Investigar | Wheelbarrow |
| 21:48 | Crear | Knight |
| 21:55 | Crear | Knight |
| 22:06 | Construir | House |
| 22:07 | Construir | House |
| 22:26 | Construir | House |
| 22:27 | Construir | House |
| 22:28 | Crear | Villager (Male) |
| 22:43 | Construir | Siege Workshop |
| 22:53 | Crear | Knight |
| 22:58 | Crear | Villager (Male) |
| 23:15 | Construir | Mining Camp |
| 24:02 | Construir | Town Center |
| 24:15 | Crear | Knight |
| 24:16 | Crear | Knight |
| 24:29 | Construir | Farm |
| 24:29 | Construir | Farm |
| 24:29 | Construir | Farm |
| 25:00 | Construir | Farm |
| 25:01 | Crear | Villager (Male) |
| 25:19 | Crear | Knight |
| 25:27 | Construir | Siege Workshop |
| 25:48 | Crear | Villager (Male) |
| 25:50 | Crear | Villager (Male) |
| 25:51 | Crear | Villager (Male) |
| 26:00 | Crear | Villager (Male) |
| 26:08 | Construir | House |
| 26:33 | Crear | Villager (Male) |
| 26:43 | Crear | Knight |
| 27:01 | Investigar | Stone Mining |
| 27:03 | Investigar | Gold Mining |
| 27:07 | Crear | Villager (Male) |
| 27:10 | Construir | Monastery |
| 27:21 | Crear | Mangonel |
| 27:26 | Crear | Villager (Male) |
| 27:26 | Crear | Villager (Male) |
| 27:26 | Crear | Villager (Male) |
| 27:27 | Crear | Villager (Male) |
| 28:00 | Crear | Villager (Male) |
| 28:03 | Investigar | Bloodlines |
| 28:27 | Crear | Villager (Male) |
| 28:28 | Crear | Villager (Male) |
| 28:38 | Construir | Farm |
| 28:39 | Construir | Farm |
| 29:10 | Construir | Barracks |
| 29:21 | Crear | Villager (Male) |
| 29:21 | Crear | Villager (Male) |
| 29:21 | Crear | Villager (Male) |
| 29:22 | Crear | Villager (Male) |
| 29:22 | Crear | Villager (Male) |
| 29:22 | Crear | Villager (Male) |
| 29:29 | Crear | Mangonel |
| 29:41 | Construir | Mining Camp |
| 30:09 | Investigar | Pikeman (upgrade) |
| 30:18 | Crear | Monk |
| 30:22 | Crear | Spearman |
| 30:36 | Crear | Villager (Male) |
| 30:36 | Crear | Villager (Male) |
| 30:48 | Crear | Battering Ram |
| 31:03 | Crear | Spearman ×2 |
| 31:09 | Crear | Villager (Male) |
| 31:18 | Crear | Villager (Male) |
| 31:18 | Crear | Villager (Male) |
| 31:23 | Construir | Farm |
| 31:24 | Construir | Farm |
| 31:32 | Crear | Spearman |
| 31:40 | Construir | Farm |
| 31:46 | Crear | Villager (Male) |
| 31:46 | Crear | Villager (Male) |
| 31:47 | Crear | Villager (Male) |
| 32:02 | Construir | Farm |
| 32:13 | Crear | Villager (Male) |
| 32:13 | Crear | Villager (Male) |
| 32:14 | Crear | Villager (Male) |
| 32:14 | Crear | Villager (Male) |
| 32:28 | Construir | Castle |
| 32:34 | Construir | House |
| 32:34 | Construir | House |
| 32:50 | Investigar | Gambesons |
Cronología de la partida
| 2:52 | ThekingJoeSnow · first_building Dock |
| 10:50 | mattinstat · first_building Barracks |
| 12:07 | Options1986 · first_building Barracks |
| 12:17 | mattinstat · age_up feudal |
| 12:25 | mattinstat · first_building Stable |
| 12:59 | roly_vic · first_building Barracks |
| 13:07 | roly_vic · age_up feudal |
| 14:07 | Options1986 · age_up feudal |
| 14:57 | Options1986 · first_building Stable |
| 15:16 | roly_vic · first_market_sell 100 wood |
| 15:17 | roly_vic · first_market_buy 100 food |
| 15:31 | ThekingJoeSnow · age_up feudal |
| 16:20 | ThekingJoeSnow · first_building Barracks |
| 16:31 | Options1986 · first_building Dock |
| 16:43 | roly_vic · first_building Stable |
| 17:33 | roly_vic · first_building Archery Range |
| 17:38 | ThekingJoeSnow · wall_segment Stone Wall x3 |
| 17:41 | ThekingJoeSnow · wall_segment Stone Wall x4 |
| 18:02 | ThekingJoeSnow · wall_segment Stone Wall x4 |
| 18:27 | Options1986 · age_up castle |
| 18:34 | ThekingJoeSnow · first_building Stable |
| 19:06 | roly_vic · age_up castle |
| 20:13 | ThekingJoeSnow · age_up castle |
| 20:54 | ThekingJoeSnow · wall_segment Stone Wall x7 |
| 21:05 | ThekingJoeSnow · wall_segment Stone Wall x7 |
| 21:27 | mattinstat · age_up castle |
| 21:51 | ThekingJoeSnow · first_market_buy 100 food |
| 22:21 | Options1986 · first_building Archery Range |
| 22:43 | ThekingJoeSnow · first_building Siege Workshop |
| 22:46 | roly_vic · first_building Monastery |
| 22:53 | Options1986 · wall_segment Stone Wall x12 |
| 23:30 | Options1986 · first_building Monastery |
| 27:10 | ThekingJoeSnow · first_building Monastery |
| 29:30 | mattinstat · first_building Monastery |
| 29:59 | Options1986 · first_building Castle |
| 32:22 | mattinstat · first_building Archery Range |
| 32:28 | ThekingJoeSnow · first_building Castle |
| 35:36 | mattinstat · wall_segment Palisade Wall x1 |
| 36:23 | roly_vic · first_building Castle |
| 36:47 | mattinstat · first_building Castle |
| 37:54 | Options1986 · first_market_sell 100 wood |
| 43:57 | Options1986 · wall_segment Stone Wall x5 |
| 44:02 | Options1986 · wall_segment Stone Wall x6 |
| 44:03 | Options1986 · wall_segment Stone Wall x1 |
| 44:30 | Options1986 · age_up imperial |
| 46:54 | roly_vic · age_up imperial |
| 47:28 | roly_vic · resign |
| 49:26 | mattinstat · age_up imperial |
| 51:25 | ThekingJoeSnow · age_up imperial |
[ ANÁLISIS IA · 1 CRÉDITO ]
¿Qué pasó realmente en esta partida?
Wolo.gg analiza cada decisión: build order, eco, micro, errores típicos por bracket. Análisis personalizado por WhatsApp o Discord en 30 segundos.
Guía civ
Mongoles
Guía mapa
Shipwreck
Perfil
mattinstat